 Dungeon Crawl Stone Soup version 0.31-a0-202-g547052bce9 (webtiles) character file.

Game seed: 10957455011520965100

186 qw the Skirmisher (level 5, -3/29 HPs)
             Began as a Deep Elf Hunter on June 26, 2023.
             Slain by Sigmund
             ... wielding a +1 scythe of venom
              (9 damage)
             ... on level 4 of the Dungeon.
             The game lasted 00:00:53 (2263 turns).

qw the Skirmisher (Deep Elf Hunter)                 Turns: 2263, Time: 00:00:54

Health: -3/29      AC:  8    Str: 10    XL:     5   Next: 38%
Magic:  7/7        EV: 13    Int: 14    God:
Gold:   60         SH:  0    Dex: 18    Spells: 4/4 levels left

rFire   . . .        Y - +0 shortbow
rCold   + . .        (shield currently unavailable)
rNeg    . . .        j - +2 robe {rC+}
rPois   .            (no helmet)
rElec   .            (no cloak)
rCorr   .            (no gloves)
SInv    .            (no boots)
Will    .....        (no amulet)
Stlth   ++           a - +4 ring of protection
HPRegen 0.24/turn    (no ring)
MPRegen 0.10/turn

%: no passive effects
@: no status effects
A: no striking features
a: no special abilities


You were on level 4 of the Dungeon.
You visited 1 branch of the dungeon, and saw 4 of its levels.

You collected 126 gold pieces.
You spent 66 gold pieces at shops.


   Skills:
 - Level 1.5 Fighting
 + Level 8.6 Ranged Weapons
 - Level 3.1 Dodging
 - Level 1.2 Stealth


You had 4 spell levels left.
You didn't know any spells.
Your spell library was empty.

Inventory:

Hand Weapons
 Y - a +0 shortbow (weapon)
Armour
 j - a +2 robe of cold resistance (worn)
Jewellery
 a - a +4 ring of protection (left hand)
Scrolls
 f - a scroll of identify
Potions
 i - a potion of heal wounds {unknown}

Dungeon Overview and Level Annotations

Branches:
Dungeon (4/15)
 Temple: D:4-7

Altars:
Ashenzari
Dithmenos

Shops:
D:3 ?

Annotations:
D:4 Sigmund


Message History

The orc shouts!
A magic dart appears from out of thin air!
The magic dart hits you.
The orc moves out of view.
Enter note:
Enter note:
Enter note:
2250 ||| STILL FLEEEEING.
An orc priest comes into view. It is wielding a +0 short sword.
An orc wizard comes into view. It is wielding a +0 dagger.
The orc priest moves out of view.
2251 ||| FLEEEEING.
The orc wizard shouts!
You hear a shout!
A magic dart appears from out of thin air!
The magic dart hits you.
2252 ||| FLEEEEING.
2253 ||| FLEEEEING.
2254 ||| FLEEEEING.
The orc priest invokes the aid of Beogh against you.
Beogh smites you!
2255 ||| FLEEEEING.
2256 ||| FLEEEEING.
2257 ||| FLEEEEING.
Enter note:
Enter note:
Enter note:
2258 ||| FLEEEEING.
Enter note:
Enter note:
Enter note:
2259 ||| FLEEEEING.
A puff of flame appears from out of thin air!
The puff of flame misses you.
You shoot an arrow. The arrow hits the orc wizard.
The orc wizard is lightly wounded.
2261 ||| Stepping ~*~*~tactically~*~*~ (outnumbered).
You shoot an arrow. The arrow hits the orc wizard.
The orc wizard is moderately wounded.
You shoot an arrow. The arrow completely misses the orc.
Something hits you!
You die...

... ##....... #..# ...........
....... #..# ...........
..#..... ##..## ......#...
..... #. .... . .....#.). ##...
##.###..### ..##......### ...
#.. ...... ....o........###.#
##..###..###.. )
.......#.o...#@###.............
o# #..o.#.o.o...###.#...<###..#
.%## #.?.......o......#...## .
...###.......#...##....#..#
....##......<#..#.#....####
.#........##...##........#
.....#.####.....<....!..##
.#.##### #..............# ..##
##.##..........##


You could see an orc priest and 2 orcs.

Vanquished Creatures
  A hound (D:4)
  Jessica (D:3)
  A gnoll (D:1)
  4 adders
  2 worms
  5 orcs
  8 bats
  7 endoplasms
  2 giant cockroaches (D:2)
  8 hobgoblins
  6 jackals
  2 quokkas (D:1)
  3 ball pythons
  4 frilled lizards
  10 goblins
  5 kobolds
  5 rats
74 creatures vanquished.

Vanquished Creatures (others)
  An endoplasm (D:3)
1 creature vanquished.

Grand Total: 75 creatures vanquished

Notes
Turn   | Place    | Note
-------+----------+-------------------------------------------
     0 | D:1      | qw the Deep Elf Hunter began the quest for the Orb.
     0 | D:1      | Reached XP level 1. HP: 12/12 MP: 3/3
     0 | D:1      | 0 ||| qw: Version: 0.3-a-22-g0ed2b0b
     0 | D:1      | 0 ||| qw: Game counter: 5802
     0 | D:1      | 0 ||| qw: Melee chars always use a shield: true
     0 | D:1      | 0 ||| qw: God list: Okawaru
     0 | D:1      | 0 ||| qw: Allow faded altars: false
     0 | D:1      | 0 ||| qw: Do Orc after clearing Dungeon:15 true
     0 | D:1      | 0 ||| qw: Do second Lair branch before Depths: true
     0 | D:1      | 0 ||| qw: Lair rune preference: random
     0 | D:1      | 0 ||| qw: Goals: Normal
     0 | D:1      | 0 ||| PLANNING D:1-11
    74 | D:1      | Reached XP level 2. HP: 16/16 MP: 4/4
    79 | D:1      | Reached skill level 6 in Ranged Weapons
   275 | D:1      | Reached XP level 3. HP: 20/20 MP: 5/5
   698 | D:1      | 698 ||| READING scroll labelled HEAZEF VYFIRY.
   699 | D:1      | 699 ||| READING scroll labelled FAORHOAFRAU.
   700 | D:1      | 700 ||| READING scroll labelled SUTRAATATE.
   705 | D:1      | 705 ||| DROPPING scroll of butterflies.
   775 | D:2      | Reached skill level 7 in Ranged Weapons
  1076 | D:2      | Reached XP level 4. HP: 25/25 MP: 6/6
  1470 | D:2      | 1470 ||| UPGRADING to +4 ring of protection.
  1471 | D:2      | 1471 ||| READING scroll labelled MODIHA EJYREMPIRPH.
  1572 | D:2      | 1572 ||| READING scroll labelled QUNEOT GONA.
  1683 | D:3      | Found Suvuogug's Magic Scroll Emporium.
  1692 | D:3      | 1692 ||| SHOPLISTING scroll of brand weapon (104 gold, have
                  | 71).
  1692 | D:3      | 1692 ||| BUYING scroll of identify (22 gold).
  1692 | D:3      | Bought a scroll of identify for 22 gold pieces
  1692 | D:3      | 1692 ||| BUYING scroll of identify (22 gold).
  1692 | D:3      | Bought a scroll of identify for 22 gold pieces
  1692 | D:3      | 1692 ||| BUYING scroll of identify (22 gold).
  1692 | D:3      | Bought a scroll of identify for 22 gold pieces
  1692 | D:3      | 1692 ||| SHOPLISTING scroll of teleportation (33 gold, have
                  | 5).
  1700 | D:3      | Reached skill level 8 in Ranged Weapons
  1791 | D:3      | Found a faded altar of an unknown god.
  1931 | D:3      | Noticed Jessica
  1935 | D:3      | Killed Jessica
  1936 | D:3      | Reached XP level 5. HP: 29/29 MP: 7/7
  2062 | D:3      | Found a shadowy altar of Dithmenos.
  2070 | D:3      | Found a broken altar of Ashenzari.
  2162 | D:3      | 2162 ||| UPGRADING to +2 robe of cold resistance.
  2172 | D:3      | 2172 ||| DROPPING +0 leather armour.
  2173 | D:3      | 2173 ||| READING scroll labelled GATONK BOQUE.
  2174 | D:3      | 2174 ||| READING scroll labelled SAOS KOBBAGE.
  2175 | D:3      | 2175 ||| READING 4 scrolls of identify.
  2175 | D:3      | 2175 ||| IDENTIFYING smoky white potion
  2176 | D:3      | 2176 ||| READING 3 scrolls of identify.
  2176 | D:3      | 2176 ||| IDENTIFYING dark potion
  2177 | D:3      | 2177 ||| READING 2 scrolls of identify.
  2177 | D:3      | 2177 ||| IDENTIFYING red potion
  2178 | D:3      | 2178 ||| DROPPING potion of magic.
  2179 | D:3      | 2179 ||| DROPPING potion of lignification.
  2210 | D:4      | Reached skill level 3 in Dodging
  2233 | D:4      | Noticed Sigmund
  2236 | D:4      | 2236 ||| DRINKING potion of curing.
  2236 | D:4      | 2236 ||| (to cure confusion)
  2245 | D:4      | 2245 ||| FLEEEEING.
  2248 | D:4      | 2248 ||| FLEEEEING.
  2251 | D:4      | 2251 ||| FLEEEEING.
  2252 | D:4      | 2252 ||| FLEEEEING.
  2253 | D:4      | 2253 ||| FLEEEEING.
  2254 | D:4      | 2254 ||| FLEEEEING.
  2254 | D:4      | HP: 3/29 [orc priest/divine providence (12)]
  2255 | D:4      | 2255 ||| FLEEEEING.
  2256 | D:4      | 2256 ||| FLEEEEING.
  2257 | D:4      | 2257 ||| FLEEEEING.
  2258 | D:4      | 2258 ||| FLEEEEING.
  2259 | D:4      | 2259 ||| FLEEEEING.
  2261 | D:4      | 2261 ||| Stepping ~*~*~tactically~*~*~ (outnumbered).
  2263 | D:4      | Slain by Sigmund

Levels and vault maps discovered:
D:1:      eino_arrival_tree_alley, layout_basic
D:2:      layout_basic
D:3:      minmay_diamond_boxcup, layout_rooms, mainiacjoe_overflow_big_doors,
          shapermc_ecumenical_altar_pompeii, serial_shops, shop,
          hangedman_decor_growths, chequers_decorated_corner, kennysheep_donut,
          uniq_jessica
D:4:      layout_cave_pools, minmay_temple_entry_waves,
          minmay_misc_feat_nine_boxes, uniq_sigmund, uniq_menkaure

Skill      XL: |  1  2  3  4  5 |
---------------+----------------+-----
Ranged Weapons | 6 7 8 |  8.6
Dodging        | 3 |  3.1
Fighting       | |  1.5
Stealth        | |  1.2

Action                     |  1- 3 |  4- 6 || total
---------------------------+-------+-------++-------
   Fire: Shortbow          |   100 |    83 ||   183
    Use: Scroll            |     3 |     7 ||    10
         Potion            |       |     1 ||     1
 Armour: Leather armour    |     7 |    14 ||    21
  Dodge: Dodged            |    11 |    27 ||    38

Table legend:
 A = Non-vault XP
 B = Vault XP
 C = Vault XP percentage of total XP
 D = Non-vault monster count
 E = Vault monster count
 F = Vault count percentage of total count
                 A         B        C        D         E       F
            +---------+---------+-------+---------+---------+-------
      Total |     208 |      58 |  21.8 |      65 |       9 |  12.2
            +---------+---------+-------+---------+---------+-------
        D:1 |      57 |       0 |   0.0 |      27 |       0 |   0.0
        D:2 |      65 |       0 |   0.0 |      23 |       0 |   0.0
        D:3 |      35 |      58 |  62.4 |      11 |       9 |  45.0
        D:4 |      51 |       0 |   0.0 |       4 |       0 |   0.0
            +---------+---------+-------+---------+---------+-------
